[Event "ICC tourney 2171 (3 2)"]
[Site "Internet Chess Club"]
[Date "2020.12.04"]
[Round "1"]
[White "hggonzalezzss"]
[Black "Openyagami"]
[Result "0-1"]
[ICCResult "White resigns"]
[WhiteElo "1447"]
[BlackElo "2677"]
[Opening "Sicilian: Labourdonnais-Löwenthal (Kalashnikov) variation"]
[ECO "B32"]
[NIC "SI.32"]
[Time "22:02:02"]
[TimeControl "180+2"]

1. e4 c5 2. Nf3 Nc6 3. d4 cxd4 4. Nxd4 e5 5. Nb5 d6 6. c4 g6 7. N1c3 a6 8.
Na3 Be6 9. Be3 Bh6 10. Qd2 Bxe3 11. Qxe3 Nd4 12. Rc1 Ne7 13. Nc2 Nec6 14.
Be2 Nxc2+ 15. Rxc2 Rc8 16. b3 Nd4 17. Rd2 b5 18. cxb5 Qa5 19. Nd5 Nc2+ 20.
Kf1 Nxe3+ 21. Nxe3 Qxd2 {White resigns} 0-1

[Event "ICC tourney 2171 (3 2)"]
[Site "Internet Chess Club"]
[Date "2020.12.04"]
[Round "1"]
[White "jy2020"]
[Black "wildrumpus"]
[Result "1-0"]
[ICCResult "Black resigns"]
[WhiteElo "1810"]
[BlackElo "1445"]
[Opening "Caro-Kann: two knights, 3...Bg4"]
[ECO "B10"]
[NIC "CK.01"]
[Time "22:02:12"]
[TimeControl "180+2"]

1. e4 c6 2. Nf3 d5 3. Nc3 Bg4 4. h3 Bxf3 5. Qxf3 d4 6. Nb1 e5 7. d3 h6 8.
Be2 Nf6 9. O-O Be7 10. Qg3 Nbd7 11. f4 Nf8 12. fxe5 N6h7 13. Qxg7 Ng6 14.
Qxf7+ Kd7 15. Qxg6 {Black resigns} 1-0

[Event "ICC tourney 2171 (3 2)"]
[Site "Internet Chess Club"]
[Date "2020.12.04"]
[Round "1"]
[White "Drachekokosnuss"]
[Black "cjcardoso"]
[Result "1-0"]
[ICCResult "Black checkmated"]
[WhiteElo "1543"]
[BlackElo "1423"]
[Opening "Caro-Kann: Tartakower (Nimzovich) variation"]
[ECO "B15"]
[NIC "CK.06"]
[Time "22:02:00"]
[TimeControl "180+2"]

1. e4 c6 2. d4 d5 3. Nd2 dxe4 4. Nxe4 Nf6 5. Nxf6+ exf6 6. c3 Bd6 7. Bd3 O-O
8. Qc2 Re8+ 9. Ne2 h5 10. O-O Nd7 11. Bf4 Qc7 12. Bxd6 Qxd6 13. Ng3 h4 14.
Nf5 Qf4 15. Rae1 Re6 16. Bc4 Rxe1 17. Rxe1 Nf8 18. Ne7+ Kh8 19. Bxf7 h3 20.
Ng6+ Nxg6 21. Re8+ Nf8 22. Rxf8# {Black checkmated} 1-0

[Event "ICC tourney 2171 (3 2)"]
[Site "Internet Chess Club"]
[Date "2020.12.04"]
[Round "1"]
[White "clair"]
[Black "CaptK"]
[Result "0-1"]
[ICCResult "White checkmated"]
[WhiteElo "1208"]
[BlackElo "2142"]
[Opening "Queen's pawn: London system"]
[ECO "A45"]
[NIC "QP.07"]
[Time "22:02:01"]
[TimeControl "180+2"]

1. d4 Nf6 2. Bf4 c5 3. e3 Nd5 4. Bg3 Qb6 5. Nc3 Nxc3 6. bxc3 g6 7. Rb1 Qa5
8. Bc4 Qxc3+ 9. Qd2 Qxc4 10. Nf3 Bg7 11. dxc5 Bc3 12. Ne5 Bxd2+ 13. Kxd2
Qxc5 14. Rhd1 Nc6 15. Nd3 Qa5+ 16. c3 O-O 17. a4 d6 18. h4 Bf5 19. f3 Bxd3
20. Kxd3 d5 21. Kc2 Qxa4+ 22. Kd2 Qc4 23. Rdc1 e5 24. Bf2 e4 25. f4 Qd3+ 26.
Ke1 Na5 27. Rd1 Qxc3+ 28. Kf1 Rfd8 29. Rdc1 Qc4+ 30. Rxc4 Nxc4 31. Rxb7 a5
32. Be1 a4 33. Bb4 a3 34. Bxa3 Rxa3 35. g4 Nxe3+ 36. Kf2 Nxg4+ 37. Kg2 Rc8
38. Rxf7 Rc2+ 39. Kf1 Ra1# {White checkmated} 0-1

[Event "ICC tourney 2171 (3 2)"]
[Site "Internet Chess Club"]
[Date "2020.12.04"]
[Round "1"]
[White "Kyle45"]
[Black "javasri"]
[Result "0-1"]
[ICCResult "White checkmated"]
[WhiteElo "1386"]
[BlackElo "1664"]
[Opening "Sicilian"]
[ECO "B56"]
[NIC "SI.25"]
[Time "22:02:00"]
[TimeControl "180+2"]

1. e4 c5 2. Nf3 d6 3. Nc3 Nc6 4. d4 cxd4 5. Nxd4 Nf6 6. Nb3 a6 7. f3 e6 8.
Bd3 Be7 9. Be3 Bd7 10. O-O O-O 11. Nd4 b5 12. Nxc6 Bxc6 13. a3 Qc7 14. Bd4
Rfd8 15. Bxf6 Bxf6 16. Qd2 Rab8 17. Ne2 Bxb2 18. Rab1 Bxa3 19. c4 bxc4 20.
Bxc4 Bc5+ 21. Kh1 a5 22. Bd3 a4 23. f4 Rxb1 24. Rxb1 Rb8 25. f5 Rxb1+ 26.
Bxb1 Qb6 27. Ba2 e5 28. h3 h6 29. Ng3 Qb4 30. Qe2 Bb5 31. Qg4 Qe1+ 32. Kh2
Qg1# {White checkmated} 0-1

[Event "ICC tourney 2171 (3 2)"]
[Site "Internet Chess Club"]
[Date "2020.12.04"]
[Round "1"]
[White "DrKnight01"]
[Black "avocuddle"]
[Result "0-1"]
[ICCResult "White checkmated"]
[WhiteElo "1263"]
[BlackElo "1433"]
[Opening "Caro-Kann defense"]
[ECO "B10"]
[NIC "CK.01"]
[Time "22:02:04"]
[TimeControl "180+2"]

1. e4 c6 2. Nf3 d5 3. exd5 cxd5 4. d4 Nc6 5. Nc3 Nf6 6. Bb5 Bg4 7. Bg5 e6 8.
h3 Bxf3 9. Qxf3 Be7 10. O-O-O h6 11. Bh4 a6 12. Be2 b5 13. Kb1 b4 14. Na4
O-O 15. g4 Ne4 16. g5 Bxg5 17. Bxg5 Nxg5 18. Qg2 Qf6 19. Nc5 Rfd8 20. h4 Ne4
21. Nxe4 dxe4 22. Qxe4 Nxd4 23. Bd3 Nf5 24. Bxa6 Rxa6 25. Rxd8+ Qxd8 26. Qb7
Qa8 27. Qd7 Qxh1+ 28. Qd1 Qxd1# {White checkmated} 0-1

[Event "ICC tourney 2171 (3 2)"]
[Site "Internet Chess Club"]
[Date "2020.12.04"]
[Round "1"]
[White "akshajp"]
[Black "Goran21"]
[Result "0-1"]
[ICCResult "White checkmated"]
[WhiteElo "1122"]
[BlackElo "1798"]
[Opening "Queen's pawn game"]
[ECO "D00"]
[NIC "QP.07"]
[Time "22:02:07"]
[TimeControl "180+2"]

1. d4 Nf6 2. Nc3 d5 3. Bf4 a6 4. f3 e6 5. Qd2 c5 6. O-O-O cxd4 7. Qxd4 Nc6
8. Qd2 Bb4 9. a3 Ba5 10. Qd3 O-O 11. h4 h6 12. g4 e5 13. Bg3 e4 14. fxe4
Bxc3 15. Qxc3 Nxe4 16. Qe3 Bxg4 17. Bg2 Re8 18. Qf4 Nxg3 19. Qxg3 Be6 20.
Nf3 Rc8 21. Rdg1 Qf6 22. Bh3 Bxh3 23. Qxh3 Ne5 24. Rf1 Nxf3 25. Rxf3 Qg6 26.
Rd3 Rc6 27. Rh2 Qg1+ 28. Kd2 Rec8 29. c3 Qb1 30. Rg2 Qxb2+ 31. Ke1 Qc1+ 32.
Kf2 Rf6+ 33. Rf3 Rxf3+ 34. Qxf3 Rxc3 35. Qxd5 Qe3+ 36. Kf1 Rc1+ 37. Qd1
Rxd1# {White checkmated} 0-1

[Event "ICC tourney 2171 (3 2)"]
[Site "Internet Chess Club"]
[Date "2020.12.04"]
[Round "1"]
[White "GGuseinov"]
[Black "garfield92037"]
[Result "1-0"]
[ICCResult "Black checkmated"]
[WhiteElo "2767"]
[BlackElo "1530"]
[Opening "Sicilian: Taimanov variation"]
[ECO "B45"]
[NIC "SI.44"]
[Time "22:02:49"]
[TimeControl "180+2"]

1. e4 c5 2. Nc3 e6 3. Nf3 Nc6 4. d4 cxd4 5. Nxd4 Bb4 6. Nb5 d6 7. a3 Bxc3+
8. bxc3 Ke7 9. Bg5+ f6 10. Be3 a6 11. Nd4 Nh6 12. Bxh6 gxh6 13. Be2 Rg8 14.
O-O Qe8 15. g3 h5 16. Bxh5 Qf8 17. Bf3 Ne5 18. Bg2 Qh6 19. Rb1 Rb8 20. Qe2
Bd7 21. h3 Qg7 22. Rfd1 Ng6 23. Qd2 Ke8 24. Rb6 Nh4 25. Rxd6 Nxg2 26. Kxg2
e5 27. Ne6 Bxe6 28. Rxe6+ Kf8 29. Qd6+ Kf7 30. Re7+ Kg6 31. Rxg7+ Rxg7 32.
Qxb8 Kh5 33. Qe8+ Rg6 34. Rd6 Kg5 35. h4+ Kh6 36. Qf8+ Kh5 37. f3 a5 38.
Rxf6 a4 39. Rf5+ Rg5 40. Rxg5# {Black checkmated} 1-0

[Event "ICC tourney 2171 (3 2)"]
[Site "Internet Chess Club"]
[Date "2020.12.04"]
[Round "1"]
[White "avbhosale"]
[Black "Sricharan07"]
[Result "0-1"]
[ICCResult "White forfeits on time"]
[WhiteElo "1299"]
[BlackElo "1495"]
[Opening "French: advance, Nimzovich system"]
[ECO "C02"]
[NIC "FR.03"]
[Time "22:02:04"]
[TimeControl "180+2"]

1. e4 e6 2. d4 d5 3. e5 c5 4. Nf3 Nc6 5. Be3 cxd4 6. Nxd4 Nxe5 7. Nc3 Nc6 8.
Bb5 Bd7 9. Nxc6 Bxc6 10. Bxc6+ bxc6 11. Qe2 Nf6 12. g3 c5 13. Nb5 Qd7 14.
Bf4 Rc8 15. O-O Be7 16. Rfd1 O-O 17. c4 d4 18. Be5 a6 19. Nc3 Qc6 20. Bxf6
Bxf6 21. Ne4 Be7 {White forfeits on time} 0-1

[Event "ICC tourney 2171 (3 2)"]
[Site "Internet Chess Club"]
[Date "2020.12.04"]
[Round "1"]
[White "BreatheChessAls"]
[Black "ConnorGo"]
[Result "1-0"]
[ICCResult "Black forfeits on time"]
[WhiteElo "1678"]
[BlackElo "1266"]
[Opening "Modern defense"]
[ECO "A40"]
[NIC "QO.17"]
[Time "22:02:00"]
[TimeControl "180+2"]

1. d4 g6 2. Bf4 Bg7 3. e3 d6 4. Be2 Nd7 5. h4 e5 6. Bg3 Ne7 7. Nf3 e4 8. Ng5
h6 9. Nxe4 d5 10. Nec3 c6 11. Nd2 O-O 12. h5 Nf5 13. Bf4 g5 14. Bh2 Nf6 15.
Nb3 b6 16. Qd2 Be6 17. g4 Nd6 18. f3 Nd7 19. Bxd6 Re8 20. Bg3 c5 21. O-O-O
c4 22. Na1 a6 23. e4 b5 24. exd5 b4 25. dxe6 Rxe6 26. Ne4 c3 27. bxc3 bxc3
28. Qxc3 {Black forfeits on time} 1-0

[Event "ICC tourney 2171 (3 2)"]
[Site "Internet Chess Club"]
[Date "2020.12.04"]
[Round "1"]
[White "DFKnights"]
[Black "KRASAVCHIK"]
[Result "0-1"]
[ICCResult "White checkmated"]
[WhiteElo "1623"]
[BlackElo "3017"]
[Opening "Giuoco Piano"]
[ECO "C50"]
[NIC "IG.02"]
[Time "22:02:05"]
[TimeControl "180+2"]

1. e4 e5 2. Nf3 Nc6 3. Bc4 Bc5 4. Kf1 Nf6 5. d3 O-O 6. Nc3 h6 7. h3 d6 8.
Ne2 Be6 9. Bb3 d5 10. Ng3 dxe4 11. Ne1 Bxb3 12. axb3 exd3 13. Qxd3 Qc8 14.
c3 Qe6 15. Qc2 a5 16. Nd3 Bb6 17. Ra4 Rad8 18. Ne1 Rfe8 19. Be3 Bxe3 20.
fxe3 e4 21. Kg1 Qe5 22. Ne2 Nd5 23. Qc1 Qg5 24. Nf4 Qg3 25. Nc2 Ne5 26. Ne2
Qg5 27. h4 Qg4 28. Qf1 Re6 29. Nf4 Nxf4 30. exf4 Nf3+ 31. Kf2 e3+ 32. Ke2
Rd2# {White checkmated} 0-1

[Event "ICC tourney 2171 (3 2)"]
[Site "Internet Chess Club"]
[Date "2020.12.04"]
[Round "1"]
[White "pmchess98"]
[Black "python0812"]
[Result "1-0"]
[ICCResult "Black resigns"]
[WhiteElo "1432"]
[BlackElo "1490"]
[Opening "Sicilian: Alapin's variation (2.c3)"]
[ECO "B22"]
[NIC "SI.47"]
[Time "22:02:10"]
[TimeControl "180+2"]

1. e4 c5 2. c3 Nf6 3. e5 Nd5 4. d4 cxd4 5. Nf3 e6 6. cxd4 Nc6 7. Bc4 Nb6 8.
Bb5 a6 9. Bxc6 bxc6 10. O-O Bb7 11. Nc3 c5 12. Be3 Nc4 13. Qe2 Nxe3 14. fxe3
Be7 15. Nd2 O-O 16. Nde4 cxd4 17. exd4 Qb6 18. Rad1 d6 19. Nf6+ gxf6 20.
exf6 Bxf6 21. Rxf6 Kh8 22. Qh5 Qc6 23. Qh3 Rg8 24. Rd2 Rg7 25. d5 Rb8 26.
dxc6 {Black resigns} 1-0

[Event "ICC tourney 2171 (3 2)"]
[Site "Internet Chess Club"]
[Date "2020.12.04"]
[Round "1"]
[White "Aleksandrov73"]
[Black "Shakhmatova"]
[Result "1-0"]
[ICCResult "Black resigns"]
[WhiteElo "2194"]
[BlackElo "1532"]
[Opening "Queen's pawn game"]
[ECO "A50"]
[NIC "QP.07"]
[Time "22:02:10"]
[TimeControl "180+2"]

1. d4 Nf6 2. c4 c6 3. Nc3 Qc7 4. e4 d6 5. Nf3 Nbd7 6. Be2 g6 7. O-O Bg7 8.
Be3 O-O 9. Nd2 Re8 10. Rc1 e5 11. d5 c5 12. a3 a6 13. b4 b6 14. Rb1 Bb7 15.
Rb2 cxb4 16. axb4 Rac8 17. Rb1 Re7 18. Rc1 Ne8 19. Bd3 f6 20. Na4 Rf7 21.
Qg4 Rb8 22. c5 dxc5 23. bxc5 b5 24. c6 f5 25. exf5 Ndf6 26. Qh3 Bc8 27. Nc5
Nxd5 28. Ne6 Qe7 29. Ng5 Rf6 30. Qxh7+ Kf8 31. Bc5 Nd6 32. Nde4 Bxf5 33.
Nxd6 Rxd6 34. Bxf5 gxf5 35. Qxf5+ Nf6 36. Ne4 Rbd8 37. Bxd6 Rxd6 38. Nxd6
Qxd6 39. c7 {Black resigns} 1-0

[Event "ICC tourney 2171 (3 2)"]
[Site "Internet Chess Club"]
[Date "2020.12.04"]
[Round "1"]
[White "coolsportsguy"]
[Black "abelMZ084"]
[Result "1-0"]
[ICCResult "Black resigns"]
[WhiteElo "1647"]
[BlackElo "1300"]
[Opening "Queen's pawn, Mason variation"]
[ECO "D00"]
[NIC "QP.08"]
[Time "22:02:12"]
[TimeControl "180+2"]

1. d4 d5 2. Bf4 Nf6 3. e3 Bf5 4. Nf3 e6 5. Nbd2 Be7 6. h3 Nbd7 7. Be2 c5 8.
c3 c4 9. Nh4 Bg6 10. Nxg6 hxg6 11. Qc2 b5 12. O-O Nh5 13. Bh2 Ndf6 14. Bf3
Bd6 15. Bxd6 Qxd6 16. e4 dxe4 17. Nxe4 Nxe4 18. Qxe4 Rd8 19. Qc6+ Ke7 20.
Qxb5 Nf4 21. Rfe1 Nxh3+ 22. gxh3 Rxh3 23. Bg2 Qh2+ 24. Kf1 Rd5 25. Qxd5 Kf6
26. Qe5+ Qxe5 27. dxe5+ {Black resigns} 1-0

[Event "ICC tourney 2171 (3 2)"]
[Site "Internet Chess Club"]
[Date "2020.12.04"]
[Round "1"]
[White "SicilianEnding"]
[Black "chesswarriors12"]
[Result "1-0"]
[ICCResult "Black forfeits on time"]
[WhiteElo "1624"]
[BlackElo "1353"]
[Opening "Petrov: classical attack"]
[ECO "C42"]
[NIC "RG.04"]
[Time "22:02:18"]
[TimeControl "180+2"]

1. e4 e5 2. Nf3 Nf6 3. Nxe5 d6 4. Nf3 Nxe4 5. d4 d5 6. Bd3 Nf6 7. O-O Be6 8.
Re1 h6 9. c4 dxc4 10. Bxc4 Bb4 11. Nc3 O-O 12. Bxe6 fxe6 13. Rxe6 Bxc3 14.
bxc3 Nd5 15. Qb3 b6 16. Bd2 c6 17. Rae1 Nd7 18. Rxc6 Nf6 19. c4 Ne7 20. Rce6
Re8 21. Bxh6 gxh6 22. Rxf6 Rf8 23. Rxh6 Nf5 24. Rg6+ {Black forfeits on
time} 1-0

[Event "ICC tourney 2171 (3 2)"]
[Site "Internet Chess Club"]
[Date "2020.12.04"]
[Round "1"]
[White "TheChessShark"]
[Black "rishik99"]
[Result "1-0"]
[ICCResult "Black checkmated"]
[WhiteElo "1349"]
[BlackElo "1228"]
[Opening "Queen's pawn: stonewall attack"]
[ECO "D00"]
[NIC "QP.08"]
[Time "22:02:13"]
[TimeControl "180+2"]

1. d4 d5 2. e3 Nf6 3. Bd3 e6 4. Nd2 c5 5. c3 Nc6 6. f4 b6 7. Ngf3 Be7 8. Ne5
Nxe5 9. fxe5 Nd7 10. O-O O-O 11. e4 Bg5 12. exd5 exd5 13. Nf3 Bxc1 14. Rxc1
Bb7 15. Qd2 Qe7 16. Ng5 h6 17. Nh7 Rfe8 18. Rce1 cxd4 19. cxd4 Qh4 20. Rf4
Qe7 21. Rg4 f6 22. Qxh6 fxe5 23. dxe5 Qc5+ 24. Kh1 Re7 25. Rf1 Nxe5 26. Nf6+
Kf7 27. Rxg7+ Kf8 28. Qh8# {Black checkmated} 1-0

[Event "ICC tourney 2171 (3 2)"]
[Site "Internet Chess Club"]
[Date "2020.12.04"]
[Round "1"]
[White "Hamlett144"]
[Black "Eraser007"]
[Result "0-1"]
[ICCResult "White checkmated"]
[WhiteElo "1454"]
[BlackElo "2140"]
[Opening "Sicilian: closed"]
[ECO "B23"]
[NIC "SI.44"]
[Time "22:02:00"]
[TimeControl "180+2"]

1. e4 c5 2. Nc3 e6 3. Nf3 Nc6 4. Bb5 Nge7 5. O-O a6 6. Bxc6 Nxc6 7. d3 g6 8.
Bg5 f6 9. Be3 d6 10. Qd2 Bg7 11. a3 O-O 12. Bh6 b5 13. h4 Rb8 14. h5 g5 15.
Bxg7 Kxg7 16. e5 dxe5 17. Ne2 Nd4 18. Nfxd4 exd4 19. f4 h6 20. fxg5 hxg5 21.
Ng3 Bb7 22. Rae1 Qd6 23. Ne4 Bxe4 24. Rxe4 Rh8 25. Qe2 e5 26. Qg4 Rbe8 27.
Qf5 Rh6 28. Qf3 f5 29. Ree1 Qf6 30. Qd5 Rxh5 31. Qb7+ Re7 32. Qb8 g4 33. Rf2
g3 34. Rfe2 Rh1+ 35. Kxh1 Qh4+ 36. Kg1 Qh2+ 37. Kf1 Qh1# {White checkmated}
0-1

[Event "ICC tourney 2171 (3 2)"]
[Site "Internet Chess Club"]
[Date "2020.12.04"]
[Round "1"]
[White "chiringuito"]
[Black "Averyyu321"]
[Result "1-0"]
[ICCResult "Black forfeits on time"]
[WhiteElo "1514"]
[BlackElo "1417"]
[Opening "Nimzovich-Larsen attack: modern variation"]
[ECO "A01"]
[NIC "VO.08"]
[Time "22:02:10"]
[TimeControl "180+2"]

1. b3 e5 2. Bb2 Nc6 3. e3 d5 4. Bb5 Bd6 5. f4 f6 6. Nf3 Bg4 7. h3 Bxf3 8.
Qxf3 e4 9. Qh5+ g6 10. Qxd5 Qd7 11. Qxe4+ Be7 12. Bxc6 bxc6 13. Na3 O-O-O
14. Nc4 f5 15. Qd4 Nf6 16. Qxa7 Qd5 17. O-O-O Qxg2 18. Ne5 c5 19. Qa6+ Qb7
20. Qe6+ Kb8 21. Nc6+ Ka8 22. Nxd8 Bxd8 23. Bxf6 Bxf6 24. Qxf6 Re8 25. Kb2
Qc8 26. Qc3 Qe6 27. Qxc5 Qf6+ 28. d4 {Black forfeits on time} 1-0

[Event "ICC tourney 2171 (3 2)"]
[Site "Internet Chess Club"]
[Date "2020.12.04"]
[Round "1"]
[White "TjkTiger"]
[Black "Pugnacious"]
[Result "1-0"]
[ICCResult "Black forfeits on time"]
[WhiteElo "2308"]
[BlackElo "1618"]
[Opening "English: Mikenas-Carls variation"]
[ECO "A18"]
[NIC "EO.64"]
[Time "22:02:20"]
[TimeControl "180+2"]

1. c4 Nf6 2. Nc3 e6 3. e4 Be7 4. e5 Ng8 5. Qg4 g6 6. d4 d6 7. Nf3 Nd7 8. Be2
b6 9. h4 Bb7 10. Qf4 Bxf3 11. Bxf3 Rc8 12. Bc6 h5 13. Nb5 dxe5 14. dxe5 Nh6
15. O-O Nf5 16. Rd1 O-O 17. Rxd7 Qe8 18. Be3 Bxh4 19. Rad1 g5 20. Qe4 g4 21.
Rxc7 Qd8 22. Rxd8 Rcxd8 23. Rd7 Rxd7 24. Bxd7 Rd8 25. Qc6 g3 26. Kf1 gxf2
27. Bxf2 Bg5 28. Nd6 Ne7 29. Qc7 Ng6 30. Bxe6 {Black forfeits on time} 1-0

[Event "ICC tourney 2171 (3 2)"]
[Site "Internet Chess Club"]
[Date "2020.12.04"]
[Round "1"]
[White "stephenwilly"]
[Black "GrandPatzer5"]
[Result "1-0"]
[ICCResult "Black forfeits on time"]
[WhiteElo "1568"]
[BlackElo "1915"]
[Opening "Scandinavian gambit"]
[ECO "B01"]
[NIC "SD.03"]
[Time "22:02:09"]
[TimeControl "180+2"]

1. e4 d5 2. exd5 Nf6 3. c4 c6 4. dxc6 Nxc6 5. Nf3 e5 6. Nc3 Bc5 7. Be2 O-O
8. d3 h6 9. h3 Bf5 10. Be3 Bxe3 11. fxe3 Qb6 12. Qd2 Rad8 13. O-O e4 14. Nh4
Bh7 15. d4 Ne5 16. Qc2 Nf3+ 17. gxf3 exf3 18. Bd3 Bxd3 19. Qxd3 Rfe8 20.
Nxf3 Qe6 21. Kg2 Nh5 22. Ne5 Qxe5 23. Rf3 Qg5+ 24. Kh2 Re6 25. Rg1 Qh4 26.
Qf5 Rf6 27. Qe5 Rxf3 28. Rg2 {Black forfeits on time} 1-0

[Event "ICC tourney 2171 (3 2)"]
[Site "Internet Chess Club"]
[Date "2020.12.04"]
[Round "1"]
[White "needGodcom"]
[Black "blackjack721"]
[Result "1-0"]
[ICCResult "Black checkmated"]
[WhiteElo "1653"]
[BlackElo "1226"]
[Opening "QGD: Semi-Tarrasch defense"]
[ECO "D40"]
[NIC "TD.05"]
[Time "22:02:04"]
[TimeControl "180+2"]

1. d4 Nf6 2. c4 d5 3. Nc3 e6 4. Nf3 c5 5. e3 a6 6. cxd5 exd5 7. Be2 c4 8.
O-O Bd6 9. b3 b5 10. bxc4 dxc4 11. a3 Bb7 12. Bb2 O-O 13. Nd2 Qc7 14. Bf3
Bxh2+ 15. Kh1 Nc6 16. g3 Bxg3 17. fxg3 Qxg3 18. Qe2 Rae8 19. Qg2 Qh4+ 20.
Qh2 Qxh2+ 21. Kxh2 Rxe3 22. Rae1 Rfe8 23. Rxe3 Rxe3 24. Nce4 Nxe4 25. Nxe4
f5 26. Nd6 Ba8 27. Rf2 c3 28. Bc1 Re1 29. Bf4 Nxd4 30. Bxa8 c2 31. Bb7 c1=Q
32. Bxc1 Rxc1 33. Bxa6 g6 34. Nxb5 Ne6 35. Ra2 Ng5 36. a4 Kg7 37. a5 Nf3+
38. Kg3 Ne1 39. Bb7 g5 40. a6 f4+ 41. Kg4 Kg6 42. a7 h5+ 43. Kh3 Rb1 44.
a8=Q Rxb5 45. Qg8+ Kf5 46. Qf7+ Ke5 47. Qe8+ Kd4 48. Qxb5 g4+ 49. Kh4 f3 50.
Qb4+ Ke3 51. Qxe1+ Kf4 52. Ra4+ Kf5 53. Qe3 g3 54. Qxf3+ Kg6 55. Qxg3+ Kf6
56. Qf4+ Kg6 57. Qg5+ Kf7 58. Ra6 Ke8 59. Bf3 Kd7 60. Qg7+ Kc8 61. Ra8#
{Black checkmated}
1-0

[Event "ICC tourney 2171 (3 2)"]
[Site "Internet Chess Club"]
[Date "2020.12.04"]
[Round "1"]
[White "yogokings12"]
[Black "JohnnyHop98"]
[Result "0-1"]
[ICCResult "White resigns"]
[WhiteElo "1531"]
[BlackElo "1733"]
[Opening "Caro-Kann: classical, Spassky variation"]
[ECO "B19"]
[NIC "CK.12"]
[Time "22:02:02"]
[TimeControl "180+2"]

1. e4 c6 2. d4 d5 3. Nc3 dxe4 4. Nxe4 Bf5 5. Ng3 Bg6 6. h4 h6 7. Nf3 Nd7 8.
h5 Bh7 9. Bd3 Bxd3 10. Qxd3 e6 11. Bd2 Ngf6 12. O-O-O Be7 13. Kb1 O-O 14.
Ne4 Nxe4 15. Qxe4 Nf6 16. Qd3 Qd5 17. g4 Qe4 18. g5 Qxd3 19. cxd3 hxg5 20.
Bxg5 Nd5 21. Bxe7 Nxe7 22. h6 g6 23. Ne5 f6 24. Nf3 Nf5 25. Rde1 Rae8 26.
Reg1 Kh7 27. Nh4 g5 28. Nf3 Nxh6 29. Kc2 Rh8 30. Rh5 Kg6 31. Rgh1 Nf7 32.
Rxh8 Rxh8 33. Re1 Re8 34. Kc3 Nd6 35. a4 Kf5 36. Kb4 Rh8 37. Kc5 Nc8 38. Re3
g4 39. Nd2 Rh1 40. b4 Rc1+ 41. Nc4 a6 42. b5 axb5 43. axb5 cxb5 44. Kxb5
Rb1+ 45. Kc5 b5 46. Nd6+ Nxd6 47. Kxd6 Rf1 48. Re2 b4 49. Kc5 b3 50. Kc4 Rd1
51. Kc3 e5 52. dxe5 fxe5 53. Re3 Rb1 54. Re2 Kf4 55. Re3 Rf1 56. Kxb3 Rxf2
57. Re1 g3 58. Kc3 g2 59. Rg1 Kf3 {White resigns} 0-1

[Event "ICC tourney 2171 (3 2)"]
[Site "Internet Chess Club"]
[Date "2020.12.04"]
[Round "1"]
[White "A4-H5"]
[Black "chessfidebullet"]
[Result "1-0"]
[ICCResult "Black checkmated"]
[WhiteElo "1832"]
[BlackElo "1035"]
[Opening "Amar (Paris) opening"]
[ECO "A00"]
[NIC "VO.16"]
[Time "22:02:01"]
[TimeControl "180+2"]

1. Nh3 e5 2. c4 d6 3. Nc3 Be6 4. Qb3 a6 5. d3 b5 6. Ng5 Bf5 7. cxb5 h6 8.
Nge4 Be6 9. Qa4 Bd7 10. Qb3 Be6 11. Qc2 axb5 12. Nxb5 c6 13. Nbc3 d5 14. Ng3
Bb4 15. a3 Ba5 16. Bd2 Nf6 17. e3 Nbd7 18. Be2 O-O 19. O-O Bc7 20. b4 d4 21.
Nce4 Nxe4 22. Nxe4 f5 23. Qxc6 fxe4 24. Qxe6+ Kh8 25. exd4 Re8 26. Qg6 exd4
27. dxe4 Qh4 28. g3 Qf6 29. Qxf6 Nxf6 30. f3 Rad8 31. Bd3 Nh5 32. Kg2 Kh7
33. e5+ g6 34. f4 Ng7 35. h4 Re6 36. Rac1 Bb6 37. Rh1 Nf5 38. h5 Ne7 39.
hxg6+ Nxg6 40. f5 Nxe5 41. Rxh6+ Rxh6 42. Be4 Rh5 43. f6+ Kg8 44. Bf4 Ng4
45. Kf3 Nh2+ 46. Kg2 d3 47. Rd1 Kf7 48. Bxd3 Rdh8 49. Be2 R5h7 50. Be5 Ke6
51. Bc3 Bc7 52. Bc4+ Kf5 53. Rd5+ Ke4 54. Rd4+ Ke3 55. Rd3+ Ke4 56. f7 Ng4
57. Rd4+ Ke3 58. Rd3+ Ke4 59. Bxh8 Rh2+ 60. Kf1 Ne3+ 61. Rxe3+ Kxe3 62. Bd5
Rh1+ 63. Bxh1 Bd6 64. Bg7 Kd3 65. f8=Q Bxf8 66. Bxf8 Kc4 67. a4 Kb3 68. a5
Ka4 69. Bc6+ Kb3 70. b5 Kc4 71. b6 Kd4 72. Bd6 Ke3 73. b7 Kd3 74. Kf2 Kd2
75. b8=Q Kd3 76. a6 Kd4 77. a7 Kd3 78. a8=Q Kd4 79. Qb4+ Kd3 80. Qaa3+ Kc2
81. Qbb2+ Kd1 82. Qd3# {Black checkmated} 1-0

[Event "ICC tourney 2171 (3 2)"]
[Site "Internet Chess Club"]
[Date "2020.12.04"]
[Round "1"]
[White "IshanVannadil"]
[Black "jaumevivesb"]
[Result "1-0"]
[ICCResult "Black resigns"]
[WhiteElo "1484"]
[BlackElo "1318"]
[Opening "Robatsch (modern) defense"]
[ECO "B06"]
[NIC "KF.05"]
[Time "22:02:07"]
[TimeControl "180+2"]

1. e4 g6 2. d4 Bg7 3. Nf3 c6 4. c4 d6 5. Nc3 Nf6 6. Be2 O-O 7. Be3 Qb6 8.
Qd2 Nbd7 9. d5 c5 10. Na4 Qc7 11. Nc3 a6 12. a4 b6 13. O-O Re8 14. Ne1 e6
15. f4 exd5 16. exd5 Bh6 17. Nc2 Bg7 18. Bf3 Bb7 19. h3 Re7 20. g4 Kf8 21.
g5 Ng8 22. Rfe1 Rae8 23. Bf2 f6 24. Rxe7 Rxe7 25. Re1 Qd8 26. Ne4 Qc7 27.
Ne3 f5 28. Nc3 h6 29. h4 h5 30. Ne2 b5 31. axb5 axb5 32. cxb5 Qb6 33. Nc4
Qc7 34. Ra1 Nb6 35. Nxb6 Qxb6 36. Qd3 Rc7 37. Qc4 Ne7 38. Nc3 Kf7 39. b4
cxb4 40. Qxb4 Qxf2+ 41. Kxf2 Bxc3 42. Qb1 Bxa1 43. Qxa1 Rc2+ 44. Ke3 Nxd5+
45. Bxd5+ Bxd5 46. Qa7+ Ke6 47. b6 Rc3+ 48. Kd2 Rf3 49. b7 Rf2+ 50. Qxf2
Bxb7 51. Qe3+ Be4 52. Qd4 d5 53. Qf6+ Kd7 54. Qxg6 Kc7 55. Qxh5 Kb6 56. Kc3
Kc5 57. g6 d4+ 58. Kd2 Bd5 59. g7 Kc4 60. Qxf5 d3 61. Qxd5+ Kxd5 62. g8=Q+
Ke4 63. Qc4+ Kf5 64. Qxd3+ {Black resigns} 1-0

[Event "ICC tourney 2171 (3 2)"]
[Site "Internet Chess Club"]
[Date "2020.12.04"]
[Round "2"]
[White "javasri"]
[Black "TjkTiger"]
[Result "0-1"]
[ICCResult "White resigns"]
[WhiteElo "1663"]
[BlackElo "2309"]
[Opening "Sicilian: accelerated fianchetto, Maróczy bind, 6.Be3"]
[ECO "B38"]
[NIC "SI.43"]
[Time "22:20:37"]
[TimeControl "180+2"]

1. e4 c5 2. Nf3 g6 3. d4 cxd4 4. Nxd4 Bg7 5. c4 Nc6 6. Be3 Qb6 7. Nb3 Qd8 8.
Nc3 Bxc3+ 9. bxc3 Nf6 10. f3 d6 11. c5 d5 12. exd5 Qxd5 13. Qxd5 Nxd5 14.
Bd2 O-O 15. O-O-O Rd8 16. Bc4 Ne5 17. Bxd5 Rxd5 18. Bf4 Nd3+ 19. Kc2 Nxf4
20. Rxd5 Nxd5 21. Rd1 Ne3+ 22. Kd2 Nxd1 23. Kxd1 Be6 24. Kc2 Bxb3+ 25. axb3
e6 26. b4 Kf8 27. f4 Ke7 28. Kd3 Kd7 29. Kc4 a6 30. g4 Kc6 31. Kd4 f6 32. g5
Rd8+ 33. Ke4 fxg5 34. fxg5 Rd5 35. h4 Rf5 36. c4 a5 37. b5+ Kxc5 {White
resigns} 0-1